 Dungeon Crawl Stone Soup version 0.31-a0-321-g19405a7a6a (webtiles) character file.

Game seed: 11341806089195386681

11471 LeprechaunX the Mimic (level 11, -2/80 HPs)
             Began as an Octopode Shapeshifter on July 18, 2023.
             Was an Initiate of Gozag.
             Slain by a wyvern (8 damage)
             ... on level 10 of the Dungeon.
             The game lasted 00:18:35 (9672 turns).

LeprechaunX the Mimic (Octopode Shapeshifter)       Turns: 9672, Time: 00:18:35

Health: -2/80      AC:  5    Str: 29    XL:     11   Next: 78%
Magic:  20/20      EV: 19    Int: 17    God:    Gozag
Gold:   1633       SH:  5    Dex: 14    Spells: 10/10 levels left

rFire   . . .        a - +3 broad axe of Kearojot {vamp, SInv}
rCold   . . .        (no shield)
rNeg    . . .        (helmet currently unavailable)
rPois   .            M - amulet of reflection
rElec   .            k - +4 ring of protection
rCorr   +            m - +5 ring of evasion
SInv    +            u - ring of resist corrosion
Will    .....        v - +6 ring of strength
Stlth   ++           F - +6 ring of strength
HPRegen 0.33/turn    I - ring of magical power
MPRegen 0.17/turn    P - +6 ring of intelligence
                     (no ring)

%: reflection
@: beast-form
A: beast (slay +7), almost no armour, amphibious, 8 rings, camouflage 1,
gelatinous body 1, (nimble swimmer 1), tentacles
a: Begin Untransformation, Renounce Religion, Potion Petition, Call Merchant,
Bribe Branch


You were on level 10 of the Dungeon.
You worshipped Gozag.
Gozag was most pleased with you.
You were a hulking beast.
You visited 1 branch of the dungeon, and saw 10 of its levels.

You collected 1923 gold pieces.
You spent 252 gold pieces at shops.
You paid 38 gold pieces to Gozag.

Inventory:

Hand Weapons
 a - the +3 broad axe of Kearojot (weapon) {vamp, SInv}
   (You bought it in a shop on level 4 of the Dungeon)

   SInv:      It lets you see invisible.
Missiles
 G - 11 poisoned darts
Jewellery
 k - a +4 ring of protection (left tentacle)
 m - a +5 ring of evasion (right tentacle)
 u - a ring of resist corrosion (on tentacle)
 v - a +6 ring of strength (on tentacle)
 F - a +6 ring of strength (on tentacle)
 I - a ring of magical power (on tentacle)
 M - an amulet of reflection (around mantle)
 P - a +6 ring of intelligence (on tentacle)
 R - a ring of poison resistance
Talismans
 b - a beast talisman
 E - a storm talisman
Wands
 p - a wand of flame (22)
 z - a wand of mindburst (3)
 C - a wand of charming (5)
 H - a wand of iceblast (7)
 K - a wand of light (17)
 O - a wand of polymorph (10)
Scrolls
 c - a scroll of torment {unknown}
 d - 12 scrolls of identify {unknown}
 e - a scroll of enchant weapon {unknown}
 g - 5 scrolls of teleportation {unknown}
 h - 3 scrolls of immolation {unknown}
 n - 4 scrolls of fear {unknown}
 o - a scroll of poison {unknown}
 q - a scroll of revelation {unknown}
 w - 2 scrolls of blinking {unknown}
 x - 3 scrolls of vulnerability {unknown}
 y - 2 scrolls of fog {unknown}
 A - a scroll of silence {unknown}
 Q - a scroll of noise {unknown}
Potions
 f - 5 potions of curing {unknown}
 i - 2 potions of attraction {unknown}
 j - 2 potions of resistance {unknown}
 l - 5 potions of enlightenment {unknown}
 r - a potion of heal wounds {unknown}
 s - 4 potions of haste {unknown}
 t - a potion of berserk rage {unknown}
 B - a potion of cancellation {unknown}
 D - a potion of magic {unknown}
 J - a potion of might {unknown}
 L - 2 potions of lignification
 N - a potion of mutation {unknown}


   Skills:
 + Level 9.0 Fighting
 + Level 6.1 Axes
 - Level 4.0 Dodging
 - Level 9.0 Unarmed Combat
 * Level 10.4 Shapeshifting


You had 10 spell levels left.
You didn't know any spells.
Your spell library contained the following spells:

 Spells                   Type           Power      Damage    Failure   Level
 Slow                     Hex            0%         N/A       24%         1
 Summon Small Mammal      Summ           0%         N/A       24%         1
 Sublimation of Blood     Necr           0%         N/A       34%         2
 Wereblood                Tmut           0%         N/A       34%         2
 Call Canine Familiar     Summ           0%         N/A       56%         3
 Confusing Touch          Hex            0%         N/A       56%         3
 Summon Guardian Golem    Hex/Summ       0%         N/A       56%         3
 Tukima's Dance           Hex            0%         N/A       56%         3
 Vampiric Draining        Necr           0%         2d6       56%         3
 Passage of Golubria      Tloc           0%         N/A       93%         4
 Borgnjor's Vile Clutch   Necr/Erth      0%         N/A       100%        5
 Yara's Violent Unravell  Hex/Tmut       0%         3d3       100%        5
 Death Channel            Necr           0%         N/A       100%        6
 Summon Hydra             Summ           0%         N/A       100%        7
 Animate Dead             Necr           Unusable   N/A       N/A         4

Dungeon Overview and Level Annotations

Branches:
Dungeon (10/15)            Temple (0/1) D:5
   Lair: D:8-11         Orc: D:9-12

Altars:
Ashenzari
Dithmenos
Elyvilon
Gozag
Makhleb
Okawaru
Qazlal
Sif Muna
Trog
Yredelemnul
The Shining One

Shops:
D:3 *   D:4 (   D:7 :

Annotations:
D:6 6 runed translucent doors, Crazy Yiuf


Innate Abilities, Weirdness & Mutations

You are a hulking beast.
Your limbs bulge with bestial killing power. (Slay +7)
You cannot wear most types of armour.
You are amphibious.
You can wear up to eight rings at the same time.
Your skin changes colour to match your surroundings (Stealth+).
Your rubbery body absorbs attacks. (AC +1, EV +1)
((You are camouflaged when in or above water. (Stealth+)))
You have tentacles for arms and can constrict up to eight enemies at once.


Message History

The two-headed ogre closely misses you.
You barely miss the two-headed ogre. You hit the basilisk.
The two-headed ogre misses you. You block the two-headed ogre's attack.
The basilisk gazes at you. You resist with some effort.
You slash the two-headed ogre! You tentacle-slap the two-headed ogre!
The two-headed ogre is moderately wounded.
You hit the wyvern.
You feel better.
You closely miss the basilisk. The wyvern misses you.
The two-headed ogre hits you with a +0 dire flail!
You block the two-headed ogre's attack. The basilisk gazes at you.
You resist with some effort. The wyvern barely misses you.
The two-headed ogre attacks as you move away!
The two-headed ogre hits you with a +0 dire flail.
You block the two-headed ogre's attack. The basilisk attacks as you move away!
The basilisk bites you! The wyvern completely misses you.
The wyvern misses you. The wyvern closely misses you.
You barely miss the wyvern.
The wyvern is lightly wounded.
The wyvern bites you.
You slash the two-headed ogre! You tentacle-slap the two-headed ogre.
You squeeze the two-headed ogre!
The two-headed ogre is almost dead.
You closely miss the wyvern. The wyvern barely misses you.
The two-headed ogre misses you.
The two-headed ogre hits you with a +0 giant club!!
* * * LOW HITPOINT WARNING * * *
You block the wyvern's attack. The wyvern attacks as you move away!
You block the wyvern's attack. The wyvern bites you!
* * * LOW HITPOINT WARNING * * *
You hit the wyvern.
You feel better.
The wyvern is lightly wounded.
The wyvern completely misses you. x2
You barely miss the wyvern.
The wyvern is lightly wounded.
The wyvern barely misses you. The wyvern bites you!
You die...
Your body crumbles into a pile of gold.

# #### ############## ##.
###..##### ###
....#....###..
.........##.#### #
........l..#.#.## ### ###
....#$.O.......####.###..
#....####lO......###....#
##.# #h#.###.........##
.= #.##..############ ##
## ####


You could see a two-headed ogre and a wyvern.

Vanquished Creatures
  Erica (D:8)
  A two-headed ogre (D:9)
  Erolcha (D:9)
  A gargoyle (D:10)
  An unseen horror (D:10)
  Psyche (D:9)
  A komodo dragon (D:10)
  Grinder (D:6)
  2 trolls
  A shadow (D:9)
  16 yaks
  A wraith (D:10)
  2 wyverns
  A basilisk (D:10)
  2 steam dragons (D:8)
  Menkaure (D:6)
  An acid dragon (D:10)
  A water moccasin (D:5)
  A black bear (D:5)
  An ice beast (D:7)
  3 orc warriors
  2 ogres (D:5)
  3 centaurs
  Blork the orc (D:4)
  3 phantoms
  A kobold brigand (D:9)
  2 scorpions
  A necrophage (D:6)
  4 bullfrogs
  A water moccasin zombie (D:6)
  A wyvern zombie (D:6)
  A gnoll sergeant (D:10)
  19 wights
  6 killer bees (D:9)
  3 howler monkeys
  2 bullfrog zombies (D:6)
  A gnoll bouda (D:6)
  4 hounds
  5 jellies
  3 orc priests
  A human zombie (D:6)
  5 iguanas
  Jessica (D:2)
  Natasha (thrice) (D:2)
  6 orc wizards
  A killer bee zombie (D:6)
  2 mummies (D:6)
  12 gnolls
  10 adders
  A white imp (D:5)
  2 ufetubi (D:5)
  2 worms
  2 dart slugs
  12 orcs
  3 ball pythons
  11 endoplasms
  5 giant cockroaches
  8 goblins
  4 hobgoblins
  7 jackals (D:3)
  6 quokkas
  6 bats
  6 frilled lizards
  A goblin zombie (D:7)
  8 kobolds
  A quokka zombie (D:7)
  7 rats
237 creatures vanquished.

Notes
Turn   | Place    | Note
-------+----------+-------------------------------------------
     0 | D:1      | LeprechaunX the Octopode Shapeshifter began the quest for
                  | the Orb.
     0 | D:1      | Reached XP level 1. HP: 14/14 MP: 1/1
    85 | D:1      | Reached XP level 2. HP: 19/19 MP: 2/2
   532 | D:1      | Reached XP level 3. HP: 15/25 MP: 3/3
   939 | D:2      | Found a faded altar of an unknown god.
  1039 | D:2      | Noticed Jessica
  1047 | D:2      | Killed Jessica
  1048 | D:2      | Reached XP level 4. HP: 24/30 MP: 4/4
  1140 | D:2      | Noticed Natasha
  1151 | D:2      | Killed Natasha
  1386 | D:2      | Noticed Natasha
  1393 | D:2      | Killed Natasha
  1394 | D:2      | Reached XP level 5. HP: 18/36 MP: 5/5
  1538 | D:2      | Noticed Natasha
  1552 | D:2      | Killed Natasha
  2019 | D:3      | Found an iron altar of Okawaru.
  2204 | D:3      | Found Gozag's Platinum Reserve.
  2204 | D:3      | Found an opulent altar of Gozag.
  2216 | D:3      | Became a worshipper of Gozag Ym Sagoz the Greedy
  2229 | D:3      | Reached XP level 6. HP: 23/43 MP: 6/6
  2462 | D:3      | Found a shadowy altar of Dithmenos.
  2838 | D:4      | Reached skill level 4 in Shapeshifting
  2967 | D:4      | Found Seexa's Antique Weapon Emporium.
  3108 | D:4      | Noticed Blork the orc
  3116 | D:4      | Killed Blork the orc
  3117 | D:4      | Reached XP level 7. HP: 44/48 MP: 7/7
  3739 | D:5      | Entered Level 5 of the Dungeon
  3755 | D:5      | Found a staircase to the Ecumenical Temple.
  3780 | D:5      | Noticed a troll
  3868 | D:5      | Found a glowing golden altar of the Shining One.
  3869 | D:5      | You fall into a shaft and drop 2 floors!
  3871 | D:7      | Noticed a yak
  3871 | D:7      | Noticed a yak
  3884 | D:7      | Killed a yak
  3960 | D:5      | Found a stormy altar of Qazlal.
  4026 | D:5      | Reached skill level 5 in Unarmed Combat
  4026 | D:5      | Reached skill level 5 in Shapeshifting
  4026 | D:5      | Reached XP level 8. HP: 50/54 MP: 8/8
  4700 | D:5      | Reached skill level 5 in Fighting
  4868 | D:5      | Reached skill level 6 in Shapeshifting
  4883 | D:6      | Noticed Grinder
  4897 | D:6      | Killed Grinder
  4898 | D:6      | Reached XP level 9. HP: 46/62 MP: 9/9
  4998 | D:6      | Found a runed translucent door.
  5009 | D:6      | Found a runed translucent gate.
  5010 | D:6      | Found the +9 staff of Olgreb {rPois∞}
  5039 | D:6      | Found a broken altar of Ashenzari.
  5127 | D:6      | Found a runed translucent door.
  5128 | D:6      | Noticed Crazy Yiuf
  5195 | D:6      | Found a runed translucent door.
  5198 | D:6      | Found a runed translucent gate.
  5200 | D:6      | Found a runed translucent gate.
  5307 | D:6      | Found a basalt altar of Yredelemnul.
  5555 | D:6      | Noticed Menkaure
  5560 | D:6      | Killed Menkaure
  5561 | D:6      | Reached skill level 7 in Shapeshifting
  6108 | D:5      | Killed a troll
  6480 | D:4      | Bought a jewelled broad axe for 252 gold pieces
  6480 | D:4      | Identified the +3 broad axe of Kearojot {vamp, SInv} (You
                  | bought it in a shop on level 4 of the Dungeon)
  6687 | D:7      | Reached skill level 1 in Axes
  6713 | D:7      | Reached XP level 10. HP: 69/69 MP: 10/10
  6858 | D:7      | Reached skill level 8 in Shapeshifting
  6977 | D:7      | Found a shimmering blue altar of Sif Muna.
  7120 | D:7      | Found Bygoronal's Vocational Training.
  7599 | D:8      | Noticed Erica
  8104 | D:9      | Noticed Erolcha
  8109 | D:9      | Killed Erolcha
  8137 | D:8      | Killed Erica
  8138 | D:8      | Reached skill level 9 in Shapeshifting
  8176 | D:9      | Found a white marble altar of Elyvilon.
  8184 | D:9      | Found a bloodstained altar of Trog.
  8296 | D:9      | Noticed Psyche
  8301 | D:9      | Killed Psyche
  8302 | D:9      | Reached XP level 11. HP: 52/77 MP: 11/11
  8485 | D:9      | Noticed a two-headed ogre
  8491 | D:9      | Reached skill level 5 in Axes
  8494 | D:9      | Killed a two-headed ogre
  8524 | D:9      | Found a burning altar of Makhleb.
  8848 | D:10     | Entered Level 10 of the Dungeon
  8907 | D:10     | Reached skill level 10 in Shapeshifting
  9658 | D:10     | Noticed a two-headed ogre
  9669 | D:10     | HP: 4/80 [wyvern (13)]
  9672 | D:10     | Slain by a wyvern

Illustrated notes

Levels and vault maps discovered:
D:1:      heliophobic_arrival_ceremonial_halls, layout_basic, st_stairs_8,
          minmay_tromino_i2
D:2:      layout_basic, basic_ecumenical_altar, minmay_close_crescents,
          uniq_jessica, uniq_natasha
D:3:      layout_loops_ring, okawaru_trees_2, mainiacjoe_overflow_brackets,
          nicolae_gozag_zags_fifth_avenue, corexii_hall_statues_s,
          kennysheep_nondescript, kennysheep_generic_room_7
D:4:      layout_basic, nicolae_take_the_stairs, kennysheep_boxes,
          uniq_blork_the_orc
D:5:      layout_loops_ring, mainiacjoe_overflow_catwalk, tso_metal_star,
          minmay_temple_entry_stoned_glass, nzn_random_ring
D:6:      layout_loops_ring, lemuel_mausoleum_altar_yredelemnul,
          nicolae_ashenzari_skybound, palyth_stone_intersect,
          minmay_guarded_unrand_staff_of_olgreb, uniq_menkaure,
          uniq_crazy_yiuf_cottage, uniq_grinder
D:7:      layout_loops_ring, tgw_sif, enter_ossuary_4, grunt_decor_junction,
          nicolae_shop_vocational
D:8:      layout_gridville, uniq_erica
D:9:      layout_roguey, mainiacjoe_overflow_small_starburst,
          mainiacjoe_overflow_big_doors, uniq_erolcha, uniq_psyche
D:10:     layout_long_grid, erik_lair_dragon

Skill      XL: |  1  2  3  4  5  6  7  8  9 10 11 |
---------------+----------------------------------+-----
Fighting       | 3 4 5 6 8 9 |  9.0
Unarmed Combat | 3 4 5 6 8 9 |  9.0
Dodging        | 3 4 |  4.0
Shapeshifting  | 4 5 6 7 9 10 | 10.4
Axes           | 1 4 6 |  6.1

Action                     |  1- 3 |  4- 6 |  7- 9 | 10-12 || total
---------------------------+-------+-------+-------+-------++-------
  Melee: Unarmed           |    61 |    96 |   148 |       ||   305
         Constrict         |    10 |    21 |    42 |    31 ||   104
         Tentacles         |     9 |    12 |    50 |    49 ||   120
         Punch             |     1 |     3 |    16 |    11 ||    31
         Broad axe         |       |       |     9 |   184 ||   193
  Throw: Dart              |       |       |     8 |       ||     8
   Stab: Sleeping          |     9 |     7 |     7 |    11 ||    34
         Distracted        |       |     1 |       |       ||     1
 Armour: Skin              |     3 |     8 |    16 |    15 ||    42
  Dodge: Dodged            |    27 |    45 |   107 |   157 ||   336
  Block: Other             |       |       |       |    44 ||    44

Table legend: (Time is in decaauts)
 A = Elapsed time spent in this place.
 B = Non-inter-level travel time spent in this place.
 C = Inter-level travel time spent in this place.
 D = Time resting spent in this place.
 E = Time spent auto-exploring this place.
 F = Levels seen in this place.
 G = Mean time per level.
                   A        B        C        D        E       F      G
               +--------+--------+--------+--------+--------+-----+--------+
         Total |   9722 |   8854 |    868 |    533 |   6365 |  10 |  972.2 |
       Dungeon |   9722 |   8854 |    868 |    533 |   6365 |  10 |  972.2 |
               +--------+--------+--------+--------+--------+-----+--------+

Top non-repeatable levels by time:
     D:5: 1321 daAuts
     D:4: 1238 daAuts
     D:6: 1182 daAuts
     D:3: 1060 daAuts
     D:2: 1037 daAuts
    D:10: 839 daAuts
     D:7: 802 daAuts
     D:8: 793 daAuts
     D:9: 734 daAuts
     D:1: 711 daAuts
